[Event "Late-Titled-Tuesday-Blitz-October-03-2023"]
[Site "Chess.com"]
[Date "2023.10.03"]
[Round "9"]
[White "ContrVersia"]
[Black "mishanick"]
[Result "1-0"]
[WhiteElo "2890"]
[BlackElo "2998"]
[TimeControl "180+1"]
[EndTime "15:42:20 PDT"]
[Termination "ContrVersia won on time"]

1. Nf3 d5 2. c4 d4 3. b4 f6 4. e3 e5 5. c5 a5 6. Qa4+ Qd7 7. Bb5 c6 8. Bc4 dxe3 9. fxe3 Qg4 10. Qb3 Qxg2 11. Rf1 Nh6 12. Nc3 axb4 13. Ne4 Na6 14. d4 Bg4 15. Be2 exd4 16. Rg1 Qh3 17. Nf2 Qh5 18. Nxg4 Nxg4 19. Qe6+ Be7 20. Qxg4 Qxg4 21. Rxg4 Nxc5 22. Nxd4 g6 23. Bd2 b3 24. Bc4 b5 25. Bxb3 Nxb3 26. Nxb3 c5 27. Rc1 Kf7 28. Nxc5 Rxa2 29. Rb4 Rb8 30. Rb3 Rd8 31. Rd3 Bd6 32.
Ke2 Be7 33. Rxd8 Bxd8 34. Rb1 Ba5 35. Nb3 Bc7 36. h3 Bd6 37. Nd4 b4 38. Kd3 Ra3+ 39. Ke2 Ra2 40. Kd3 Ra3+ 41. Kc4 Be7 42. Rb3 Ra2 43.
Bxb4 Bxb4 44. Kxb4 g5 45. Kc4 Rh2 46. e4 Kg6 47.
Kd5 Rd2 48. Rf3 h5 49. Rg3 Rd1 50. Rf3 Rd2 51. Kc4 Rd1 52. Ra3 Re1 53. Kd5 Rd1 54.
Rg3 Rd2 55. Rg1 Kf7 56. Rg3 Kg6 57. Rc3 Rd1 58. Rc6 Rd3 59. e5 Rxh3 60. Rxf6+ Kh7 61. Nf5 Rd3+ 62. Ke6 h4 63. Rh6+ Kg8 64. Rg6+ Kh7 65. Rg7+ Kh8 66. Rxg5 h3 67. Kf6 Rf3 68. e6 h2 69. e7 Re3 70. Rh5+ Kg8 71. Rxh2 Re6+ 72. Kg5 Rg6+ 73. Kf4 Re6 74. Rg2+ Kf7 75. Rg3 1-0

[Event "Late-Titled-Tuesday-Blitz-October-03-2023"]
[Site "Chess.com"]
[Date "2023.10.03"]
[Round "9"]
[White "arminmusovic"]
[Black "Nick12772"]
[Result "1-0"]
[WhiteElo "2499"]
[BlackElo "2360"]
[TimeControl "180+1"]
[EndTime "15:42:20 PDT"]
[Termination "arminmusovic won by checkmate"]

1. e4 e6 2. Qe2 d5 3. exd5 Qxd5 4. Nc3 Qd8 5. g3 Nf6 6. Bg2 Be7 7. Nf3 O-O 8. O-O c5 9. d3 Nc6 10. Ne4 Nxe4 11. dxe4 b6 12. c3 Bb7 13. Rd1 Qc7 14. Bf4 e5 15. Be3 Rad8 16. Rd5 f6 17.
Nh4 Na5 18. Rxd8 Rxd8 19. Nf5 Bc8 20. Bh3 Bf8 21. Rd1 Kh8 22. g4 g6 23. Ng3 Rxd1+ 24.
Qxd1 Qd6 25. Qxd6 Bxd6 26. b3 Kg7 27. f3 Kf7 28. Bf1 Bf8 29. Kf2 Be6 30. Bb5 Ke7 31. h4 Bd7 32. Bd3 Be6 33. Bc2 Kd7 34. h5 g5 35. Nf5 Bxf5 36. exf5 h6 37. Ke2 Nc6 38.
Be4 b5 39. Kd3 a5 40. Bd5 Kd6 41. Bf7 Be7 42. Be8 Bd8 43. Ke4 Bb6 44. a3 Ne7 45.
Bxb5 Nd5 46. Bd2 Nc7 47. Bc4 Ba7 48. b4 cxb4 49. cxb4 axb4 50. axb4 Kc6 51. Bc1 Bd4 52. Ba3 Nb5 53. Bd5+ Kb6 54. Bc1 Nc3+ 55. Kd3 Nxd5 56.
Kc4 Nc7 57. b5 Nxb5 58. Kd5 Bc5 59. Bxg5 fxg5 60. Kxe5 Kc6 61. Ke6 Bd6 62. Kf7 Nd4 63. Kg6 Nxf3 64. Kxh6 Be5 65. Kg6 Kd5 66. h6 Ke4 67. f6 Kf4 68. h7 Bxf6 69. Kxf6 Ne5 70. h8=Q Nd7+ 71. Ke6 Nc5+ 72. Kd5 Ne4 73. Qe5+ Ke3 74.
Qxe4+ Kf2 75. Qf5+ Kg3 76. Qxg5 Kh3 77. Qe5 Kh4 78.
g5 Kh5 79. Qg7 Kg4 80. Ke6 Kh5 81. Kf7 Kg4 82. g6 Kh5 83. Qh7+ Kg4 84. g7 Kf4 85. Qg6 Kf3 86. Qg5 Ke2 87. Qf4 Kd3 88. Qe5 Kc4 89.
Qd6 Kb5 90. Qc7 Ka6 91. Qb8 Ka5 92. Qb7 Ka4 93. Qb6 Ka3 94. Qb1 Ka4 95. Qb2 Ka5 96.
Qb3 Ka6 97. Qb4 Ka7 98. Qb5 Ka8 99. Ke7 Ka7 100. Kd7 Ka8 101. Kc7 Ka7 102. Qb7# 1-0

[Event "Late-Titled-Tuesday-Blitz-October-03-2023"]
[Site "Chess.com"]
[Date "2023.10.03"]
[Round "9"]
[White "SEBAZZANO"]
[Black "lluiss"]
[Result "1-0"]
[WhiteElo "2250"]
[BlackElo "2133"]
[TimeControl "180+1"]
[EndTime "15:42:25 PDT"]
[Termination "SEBAZZANO won by resignation"]

1. d4 Nf6 2. Bf4 g6 3. Nc3 d5 4. e3 Bg7 5. h4 h5 6. Nf3 O-O 7. Ne5 c5 8. Qd2 Nc6 9. Be2 cxd4 10. exd4 Bf5 11. O-O Ne4 12. Nxe4 Bxe4 13. Nxc6 bxc6 14. c3 a5 15. Bd3 Bxd3 16. Qxd3 a4 17. Rfe1 e6 18. g3 Qe7 19. Be5 c5 20. dxc5 Bxe5 21. Rxe5 Qxc5 22. Rae1 Rab8 23. R1e2 Kg7 24. Kg2 Rb6 25.
Rd2 Rfb8 26. Ree2 Qc6 27. Qd4+ Kg8 28. Kh2 Qb7 29. Qxa4 Ra8 30. Qd4 Rxa2 31. b4 Rxd2 32. Qxd2 Qc7 33. Qd4 Rc6 34. Re3 Rc4 35. Qf6 Rc6 36.
Rf3 Rc4 37. Re3 Rc6 38. Rf3 Qd7 39. Qg5 Rc4 40. Qf6 Rg4 41. Qe5 Rc4 42. Re3 Qc8 43.
Rf3 Qf8 44. Qf6 Rc8 45. Re3 Qd8 46. Qe5 Qe7 47. Rf3 Qf8 48. Qf4 Rc4 49. Qe5 Re4 50. Qf6 Rc4 51. Qe5 Rc8 52. Qf6 Re8 53.
Qe5 Qe7 54. Re3 Qd8 55. Qf4 Qb8 56. Qxb8 Rxb8 57. Re2 Kg7 58. Rb2 Kf6 59. Kg2 Ke5 60. Kf3 d4 61. cxd4+ Kxd4 62. b5 Kc5 63. Kf4 Rxb5 64.
Rxb5+ Kxb5 65. Ke5 Kc4 66. Kf6 Kd3 67. Kxf7 e5 68. Kxg6 e4 69. Kf5 Ke2 70. Kxe4 Kxf2 71. Kf4 Kg2 72. g4 hxg4 73. Kxg4 Kf2 74. h5 Ke3 75. h6 Ke4 76. h7 Ke5 77. h8=Q+ Ke6 78. Qf8 1-0

[Event "Late-Titled-Tuesday-Blitz-October-03-2023"]
[Site "Chess.com"]
[Date "2023.10.03"]
[Round "9"]
[White "GaiozNigalidze"]
[Black "Giorno"]
[Result "1-0"]
[WhiteElo "2734"]
[BlackElo "2507"]
[TimeControl "180+1"]
[EndTime "15:42:32 PDT"]
[Termination "GaiozNigalidze won by resignation"]

1. d4 d5 2. Nf3 c5 3. g3 Nc6 4. c3 cxd4 5. cxd4 g6 6. Bg2 Bg7 7. O-O Nf6 8. Nc3 O-O 9. Bg5 Ne4 10. Bf4 Nxc3 11. bxc3 Bd7 12. Re1 Na5 13. e4 dxe4 14. Rxe4 Bc6 15. Re1 e6 16. Be5 Rc8 17. Bxg7 Kxg7 18.
Qd2 Nc4 19. Qe2 Bd5 20. Ne5 Bxg2 21. Kxg2 Nxe5 22. Qxe5+ Qf6 23. Rab1 b6 24. Rb3 Qxe5 25. Rxe5 Rc4 26. Ra3 Rfc8 27. Rxa7 Rxc3 28. Rxe6 Rd3 29. Ree7 Rf8 30. Red7 b5 31. Kf1 Rd1+ 32. Ke2 Rb1 33. Ke3 b4 34. Rdb7 Rb2 35. d5 Kf6 36. d6 Ke6 37. d7 Rd8 38. h4 h5 39. Ra6+ Ke7 40.
Raa7 Ke6 41. f3 Ke7 42. Kf4 Rd2 43. Rxb4 R2xd7 44. Rxd7+ Rxd7 45. a4 Ra7 46. Ke4 Ke6 47. Kd4 Rd7+ 48. Kc4 Rd1 49. Rb3 Kd6 50. a5 Kc7 51.
Kb5 Kb7 52. Re3 Rd5+ 53. Kc4 Rf5 54. f4 Ka6 55. Ra3 f6 56. Kd4 g5 57. Ke4 Rb5 58.
hxg5 fxg5 59. f5 h4 60. gxh4 gxh4 61. f6 Rh5 62. f7 Rh8 63. Kf5 h3 64. Ra1 h2 65. Rh1 Kxa5 66. Kf6 Kb6 67. Kg7 Rh3 68. f8=Q Rg3+ 69. Kf7 Rf3+ 70. Ke8 Rxf8+ 71. Kxf8 1-0

[Event "Late-Titled-Tuesday-Blitz-October-03-2023"]
[Site "Chess.com"]
[Date "2023.10.03"]
[Round "9"]
[White "Fandorine"]
[Black "GoldenShare"]
[Result "1-0"]
[WhiteElo "2931"]
[BlackElo "2587"]
[TimeControl "180+1"]
[EndTime "15:42:37 PDT"]
[Termination "Fandorine won by checkmate"]

1. b3 e5 2. Bb2 Nc6 3. e3 Nf6 4. Nf3 e4 5. Nd4 Nxd4 6. Bxd4 d5 7. c4 dxc4 8. Bxc4 Bd6 9. Nc3 Bf5 10. Qc2 O-O 11.
f4 c6 12. a4 Re8 13. O-O c5 14. Bxf6 Qxf6 15. a5 h5 16. a6 b6 17. Ra4 Rad8 18. Bb5 Re6 19. Nxe4 Qg6 20. d3 Bb8 21. Kh1 h4 22. h3 Rde8 23. Bxe8 Rxe8 24. Qf2 Qe6 25. Rc4 Qd7 26. Qe2 Be6 27. Rcc1 Bd5 28. Qg4 Qe7 29. Ng5 Qxe3 30. Rce1 Qxe1 31. Rxe1 Rxe1+ 32. Kh2 Re8 33. Qxh4 f6 34. Qh7+ Kf8 35. Qh8+ Bg8 36.
Ne4 Bxf4+ 37. g3 Be5 38. Qh5 Bxb3 39. Qf5 Be6 40. Qf3 Rd8 41. h4 c4 42. dxc4 Bxc4 43.
Ng5 Bd5 44. Qf5 Bf7 45. Nxf7 Kxf7 46. Kg2 Rd2+ 47. Kf3 Rd6 48. g4 b5 49. Qc8 Rd3+ 50. Ke2 Rd4 51. Qb7+ Kg6 52. h5+ Kh6 53. Qxa7 Rxg4 54.
Qf7 Re4+ 55. Kd3 Rd4+ 56. Kc2 Rc4+ 57. Qxc4 bxc4 58. a7 Kxh5 59. a8=Q c3 60. Qf3+ Kg6 61.
Kd3 Kf7 62. Ke4 Kg6 63. Qd3 Kg5 64. Qe3+ Kg6 65. Qh3 Kf7 66. Kd5 Kg6 67. Qg4+ Kf7 68. Qh5+ Ke7 69. Qg6 c2 70. Qxc2 Kf7 71. Qh7 Bb2 72.
Ke4 Be5 73. Kf5 Kf8 74. Ke6 f5 75. Qg6 Bf6 76. Qf7# 1-0

[Event "Late-Titled-Tuesday-Blitz-October-03-2023"]
[Site "Chess.com"]
[Date "2023.10.03"]
[Round "9"]
[White "NovikovaGalina"]
[Black "nicholas_ilic"]
[Result "0-1"]
[WhiteElo "2400"]
[BlackElo "2207"]
[TimeControl "180+1"]
[EndTime "15:42:58 PDT"]
[Termination "nicholas_ilic won on time"]

1. e4 c5 2. Nf3 Nc6 3. d4 cxd4 4. Nxd4 e5 5. Nb3 d6 6. Nc3 Be6 7. Be3 Nf6 8. f3 Be7 9. Qd2 d5 10. exd5 Nxd5 11. Nxd5 Bxd5 12. O-O-O Bxb3 13. axb3 Qc7 14. Bc4 O-O 15. h4 Rad8 16. Qc3 Bb4 17. Bxf7+ Qxf7 18. Qc4 Qxc4 19. bxc4 a5 20. c3 Be7 21. Rd5 Kf7 22.
Bb6 Rd6 23. Rhd1 Ke6 24. Bc7 Rxd5 25. cxd5+ Kd7 26. dxc6+ Kxc7 27. Rd7+ Kxc6 28. Rxe7 Rf5 29. Rxg7 h5 30. Kd2 b5 31. Ke3 Rf4 32. g3 Ra4 33. Rg5 Ra2 34. b4 a4 35. Rxh5 Kd5 36. f4 Kc4 37. Rxe5 Rc2 38. Rc5+ Kb3 39. Rxb5 Rxc3+ 40. Kf2 a3 41. h5 Kb2 42. Ra5 a2 43. Rxa2+ Kxa2 44. g4 Kb3 45. h6 Kxb4 46. h7 Rh3 47. g5 Rxh7 48. Kg3 Kc5 49. Kg4 Kd6 50. Kf5 Ke7 51. Kg6 Rh2 52. f5 Kf8 53. f6 Ra2 54.
Kf5 Ra5+ 55. Kg6 Ra6 56. Kh6 Ra5 57. Kg6 Ra6 58. Kf5 Rb6 59. Kg6 Kg8 60. Kf5 Kf7 61. g6+ Kf8 62. Kg5 Rc6 63. Kf5 Ra6 64. Kg5 Rb6 65. Kf5 Rb5+ 66. Ke6 Rb6+ 67. Kf5 Rb1 68.
Kg5 Rg1+ 69. Kh6 Kg8 70. Kh5 Rg2 71. Kh6 Rg3 72. Kh5 Rf3 73. Kg5 Rf1 74. f7+ Kg7 75. Kh5 Rf2 76. Kg5 Rf3 77. Kh5 Rf5+ 78. Kg4 Kxg6 79. f8=Q Rxf8 0-1

[Event "Late-Titled-Tuesday-Blitz-October-03-2023"]
[Site "Chess.com"]
[Date "2023.10.03"]
[Round "9"]
[White "DucksParadise"]
[Black "WPWPWP-2015"]
[Result "1/2-1/2"]
[WhiteElo "2647"]
[BlackElo "2522"]
[TimeControl "180+1"]
[EndTime "15:43:00 PDT"]
[Termination "Game drawn by agreement"]

1. d4 Nf6 2. c4 c6 3. Nf3 d5 4. Nc3 e6 5. Bg5 h6 6. Bxf6 Qxf6 7. e3 Nd7 8. Bd3 g6 9. O-O Bg7 10. e4 dxe4 11. Nxe4 Qe7 12. c5 O-O 13. Re1 Nf6 14. Nxf6+ Qxf6 15. Ne5 Rd8 16. Qg4 h5 17. Qe4 Bd7 18.
Rad1 Be8 19. Bf1 Rac8 20. g3 Rc7 21. Bg2 b6 22. b4 Rd5 23. Qe3 Rd8 24. Rd3 Qe7 25.
Nc4 b5 26. Nd6 Rxd6 27. cxd6 Qxd6 28. a3 Bf6 29. d5 cxd5 30. Bxd5 Qe7 31. Bg2 Kg7 32.
Red1 e5 33. Bd5 Bd7 34. Qe4 Bf5 35. Qe3 Bxd3 36. Qxd3 Rd7 37. Qe4 Rd6 38. Rd3 Qd8 39. Qf3 Qd7 40. Be4 Rxd3 41. Qxd3 Qe8 42. Qd5 h4 43.
Qc6 Qb8 44. Qd7 hxg3 45. hxg3 Qd8 46. Qxd8 Bxd8 47. Bc6 a5 48. bxa5 Bxa5 49. Bxb5 f5 50. Kf1 Kf6 51. f3 g5 52. Ke2 e4 53. fxe4 fxe4 54. Ke3 Ke5 55. Ke2 Bc7 56. Bc6 Kd4 57. Bb7 Bxg3 58. a4 Bc7 59. Bc8 Ke5 60. Bg4 Kf4 61. Bh5 g4 62. Kf2 g3+ 63. Kg2 Bb6 64. Be2 Bc7 65. Bb5 Ke3 66. Bc4 Kd4 67. Bb5 e3 68.
Kf3 Bb8 69. Bf1 Bc7 70. Be2 Bb6 71. Bf1 Kc3 72. Ke2 Kb4 73. Bg2 Kxa4 74. Bf3 Kb4 75. Bg2 Kc3 76. Bf3 Kd4 77. Bg2 Bc7 78. Bf3 Bd6 79. Bg2 Bb8 80. Bf3 Be5 81. Bg2 Bf4 82.
Bf3 Bd6 83. Bg2 Bc7 84. Bf3 Bb6 85. Bg2 Ke5 86. Kd3 Kf4 87. Ke2 Bd4 88. Kd3 Ba7 89.
Ke2 Kg4 90. Kd3 Kg5 91. Ke2 Kf4 92. Kd3 Bb6 93. Ke2 Ba5 94. Kd3 Be1 95. Ke2 Bf2 96.
Kd3 Ke5 97. Ke2 Kd4 98. Bf3 Kc3 99. Bg2 Bg1 100. Bf3 Kc2 101. Bg2 Kc3 102. Bf3 Bf2 103. Bg2 Kc4 104. Bf3 Kc5 105. Bg2 Kd6 106. Bf3 Ke5 107. Bg2 Kf4 108. Kd3 Kg4 109. Ke2 Bg1 110. Kd3 Kf5 111. Ke2 Kf4 112. Kd3 e2 113. Kxe2 Bf2 114. Kf1 1/2-1/2

[Event "Late-Titled-Tuesday-Blitz-October-03-2023"]
[Site "Chess.com"]
[Date "2023.10.03"]
[Round "9"]
[White "Njal28"]
[Black "kuli4ik"]
[Result "1/2-1/2"]
[WhiteElo "3081"]
[BlackElo "2943"]
[TimeControl "180+1"]
[EndTime "15:43:29 PDT"]
[Termination "Game drawn - insufficient material"]

1. d4 g6 2. e4 Bg7 3. Nf3 d6 4. Be3 a6 5. Qd2 Bg4 6. Be2 Nc6 7. Nc3 Bxf3 8. Bxf3 e5 9. dxe5 Nxe5 10. Be2 Nf6 11. O-O O-O 12. Rad1 Re8 13. Bg5 Qc8 14. f4 Ned7 15. Bf3 Nc5 16. Rde1 Ne6 17. Bh4 c6 18. f5 Nf8 19. Qxd6 N6d7 20. fxg6 hxg6 21. Bg4 Ne6 22.
Rxf7 Kxf7 23. Rf1+ Nf6 24. Bxf6 Bxf6 25. e5 Qd8 26.
Rxf6+ Kg7 27. Rxe6 Qb6+ 28. Kh1 Rxe6 29. Qxe6 Rf8 30.
Bf3 Qf2 31. Qd7+ Rf7 32. Qd1 Qe3 33. h3 Qxe5 34. Qe2 Qd4 35. Qd3 Qf4 36. Ne2 Qg5 37. Qc3+ Kh7 38. Qd4 Re7 39. Qg4 Qf6 40. c3 Qd6 41.
Ng3 Re1+ 42. Kh2 b5 43. Qh4+ Kg7 44. Qd4+ Qxd4 45. cxd4 Rc1 46. Ne4 Rc2 47. b4 Rxa2 48. Nc5 Rb2 49. Nxa6 Rd2 50. Bxc6 Rxd4 51. Bxb5 Kf6 52.
Bf1 g5 53. Kg1 Rd6 54. b5 Rd1 55. Nc5 Rb1 56. Ne4+ Kf5 57. Nd2 Rb2 58. Nf3 g4 59. hxg4+ Kxg4 60. Ne5+ Kg3 61. Nc6 Rb1 62. Nd4 Rb4 63.
Ne2+ Kg4 64. Nc3 Rb3 65. Ne4 Kf4 66. Nd2 Rb2 67. Nc4 Rxb5 68. Kf2 Rb4 69. Be2 Ra4 70. Ne3 Ra2 71. Nd5+ Kg5 72. Nc3 Rc2 73. Ne4+ Kf4 74.
Nd6 Ke5 75. Nc4+ Kf4 76. g3+ Kg5 77. Ne3 Rc3 78. Kf3 Ra3 79. Bc4 Rc3 80. Bd5 Ra3 81. Be4 Rc3 82. Kf2 Ra3 83. Bf3 Ra2+ 84. Be2 Ra3 85. Ng2 Rc3 86. Nf4 Ra3 87. Nh3+ Kf5 88. Bf3 Ra2+ 89. Kg1 Rb2 90. g4+ Ke5 91. Kf1 Ra2 92. Be2 Rb2 93. Kf2 Rb3 94. Bf3 Ra3 95.
Kg3 Rb3 96. Nf4 Ra3 97. Ng6+ Kf6 98. Nf4 Ke5 99. Nh3 Rb3 100. g5 Kf5 101. Kg2 Rb2+ 102. Kg3 Rb3 103. Kf2 Rb2+ 104. Ke3 Rh2 105. Be4+ Kg4 106. Nf4 Kxg5 107. Ne6+ Kf6 108. Nd4 Rh3+ 109. Kf4 Rh4+ 110. Ke3 Rxe4+ 111.
Kxe4 1/2-1/2

[Event "Late-Titled-Tuesday-Blitz-October-03-2023"]
[Site "Chess.com"]
[Date "2023.10.03"]
[Round "10"]
[White "TheoSlade"]
[Black "Road2GM3000"]
[Result "0-1"]
[WhiteElo "2498"]
[BlackElo "2395"]
[TimeControl "180+1"]
[EndTime "15:45:55 PDT"]
[Termination "Road2GM3000 won by checkmate"]

1. d4 d5 2. c4 c6 3. cxd5 cxd5 4. Bf4 Nf6 5. e3 Nc6 6. Nc3 a6 7. Bd3 Bg4 8. Qb3 Ra7 9. h3 Bh5 10. Nge2 e6 11. O-O Bd6 12. Bxd6 Qxd6 13. Nf4 Bg6 14. Nxg6 hxg6 15. Rac1 Ng4 16. g3 Rxh3 17. Qd1 Rxg3+ 18. Kh1 Rh3+ 19. Kg2 Qh2# 0-1

[Event "Late-Titled-Tuesday-Blitz-October-03-2023"]
[Site "Chess.com"]
[Date "2023.10.03"]
[Round "10"]
[White "tomozupan"]
[Black "chessmoo"]
[Result "0-1"]
[WhiteElo "2249"]
[BlackElo "2454"]
[TimeControl "180+1"]
[EndTime "15:46:09 PDT"]
[Termination "chessmoo won by resignation"]

1. d4 d5 2. c4 c6 3. Nc3 Nf6 4. cxd5 cxd5 5. Nf3 Nc6 6. Bf4 a6 7. Ne5 e6 8. e3 Bd6 9. Nxc6 bxc6 10. Bxd6 Qxd6 11.
Qd2 c5 12. dxc5 Qxc5 13. Rc1 O-O 14. Bd3 Qd6 15. O-O e5 16. Be2 Be6 17. Rfd1 Rfd8 18.
Na4 Ne4 19. Qb4 Qxb4 0-1

[Event "Late-Titled-Tuesday-Blitz-October-03-2023"]
[Site "Chess.com"]
[Date "2023.10.03"]
[Round "10"]
[White "leoduarte"]
[Black "Djager97"]
[Result "0-1"]
[WhiteElo "2422"]
[BlackElo "2546"]
[TimeControl "180+1"]
[EndTime "15:46:47 PDT"]
[Termination "Djager97 won by resignation"]

1. d4 d5 2. Nf3 Nf6 3. Bf4 c5 4.
e3 Nc6 5. Nbd2 Qb6 6. dxc5 Qxb2 7. Rb1 Qc3 8. Bb5 g6 9. e4 dxe4 10. Be5 Qa5 11. Bxf6 exf6 12. Qe2 f5 13. Ne5 Qc7 14. Ndc4 Bxc5 15. f3 O-O 16. Bxc6 bxc6 17. fxe4 Ba6 0-1

[Event "Late-Titled-Tuesday-Blitz-October-03-2023"]
[Site "Chess.com"]
[Date "2023.10.03"]
[Round "10"]
[White "scandalgod"]
[Black "Mesa_1"]
[Result "1-0"]
[WhiteElo "2490"]
[BlackElo "2590"]
[TimeControl "180+1"]
[EndTime "15:47:09 PDT"]
[Termination "scandalgod won by resignation"]

1. d4 d5 2. c4 e6 3. Nf3 Nf6 4. g3 g6 5. Bg2 Bg7 6. O-O O-O 7. Qc2 c6 8. Nbd2 b6 9. b3 Na6 10. Bb2 Bb7 11. Rfd1 Rc8 12. Rac1 Qe7 13. h4 c5 14. Qb1 dxc4 15. Nxc4 Be4 16. Qa1 Ng4 17. Nfe5 Bxg2 18. Kxg2 Nf6 19. dxc5 Nxc5 20. Nd6 Rcd8 21. Nc6 Qxd6 22. Rxd6 Rxd6 23. Ne7+ 1-0

[Event "Late-Titled-Tuesday-Blitz-October-03-2023"]
[Site "Chess.com"]
[Date "2023.10.03"]
[Round "10"]
[White "santosalberto1987"]
[Black "YellowJacek"]
[Result "1-0"]
[WhiteElo "2489"]
[BlackElo "2300"]
[TimeControl "180+1"]
[EndTime "15:47:57 PDT"]
[Termination "santosalberto1987 won by resignation"]

1. e4 e5 2. Nf3 Nf6 3. Nxe5 d6 4. Nf3 Nxe4 5. d4 d5 6. Bd3 Bd6 7. O-O O-O 8. c4 c6 9. cxd5 cxd5 10. Nc3 Bf5 11. Qc2 Re8 12. Re1 Nc6 13. a3 Bg6 14. Nxe4 dxe4 15. Bxe4 Nxd4 16. Nxd4 Qh4 17. g3 Bxe4 18. gxh4 Bxc2 19. Nxc2 1-0

[Event "Late-Titled-Tuesday-Blitz-October-03-2023"]
[Site "Chess.com"]
[Date "2023.10.03"]
[Round "10"]
[White "Pomberito2"]
[Black "Let_it_be_1"]
[Result "1-0"]
[WhiteElo "2504"]
[BlackElo "2614"]
[TimeControl "180+1"]
[EndTime "15:48:10 PDT"]
[Termination "Pomberito2 won by resignation"]

1. d4 d5 2. Nf3 e6 3. c3 Nf6 4. Bg5 Be7 5. e3 Nbd7 6. Nbd2 c5 7. Bd3 b6 8. Ne5 Nxe5 9. dxe5 Nd7 10. Bf4 h5 11. h4 g6 12. Nf3 Bb7 13. Qe2 Qc7 14. O-O O-O-O 15. b4 c4 16. Bc2 Rdf8 17. a4 Rhg8 18. b5 f6 19. exf6 Bd6 20. a5 Bxf4 21. axb6 axb6 22. exf4 Qxf4 23. Qxe6 Rxf6 24. Qxg8+ Nf8 25.
Rfe1 d4 26. Qxc4+ Kb8 27. Re8+ 1-0

[Event "Late-Titled-Tuesday-Blitz-October-03-2023"]
[Site "Chess.com"]
[Date "2023.10.03"]
[Round "10"]
[White "Alexandr_Predke"]
[Black "SaqoChess_Twitch"]
[Result "1-0"]
[WhiteElo "2889"]
[BlackElo "2658"]
[TimeControl "180+1"]
[EndTime "15:48:12 PDT"]
[Termination "Alexandr_Predke won by resignation"]

1. d4 d5 2. Nf3 e6 3. Bg5 Nf6 4. e3 Be7 5. Nbd2 c5 6. c3 Ne4 7. Bxe7 Qxe7 8. Nxe4 dxe4 9. Nd2 f5 10. Qh5+ g6 11. Qh6 Nd7 12. Bb5 Kf7 13. Bxd7 Bxd7 14. Nc4 cxd4 15. exd4 Bb5 16. Ne5+ Ke8 17. h4 Qf8 18. Qf4 Qf6 19. O-O-O a5 20. d5 exd5 21. Rxd5 Bc6 22. Nxc6 bxc6 23. Rd6 Qe7 24. Rhd1 Ra7 25.
Rd8+ Qxd8 26. Rxd8+ Kxd8 27. Qb8+ 1-0

[Event "Late-Titled-Tuesday-Blitz-October-03-2023"]
[Site "Chess.com"]
[Date "2023.10.03"]
[Round "10"]
[White "mishanick"]
[Black "Korchmar_Vasiliy"]
[Result "1-0"]
[WhiteElo "3001"]
[BlackElo "2719"]
[TimeControl "180+1"]
[EndTime "15:48:14 PDT"]
[Termination "mishanick won by resignation"]

1. d4 Nf6 2. c4 e6 3. Nc3 d5 4.
Nf3 dxc4 5. e4 b5 6. e5 Nd5 7. Nxb5 Nb6 8. a4 a5 9. Be2 Nc6 10. O-O Be7 11. Be3 O-O 12. Rc1 Bb7 13. Nd2 Nb4 14. Nxc4 N6d5 15. Bd2 f6 16. b3 fxe5 17.
Nxe5 Bf6 18. Bxb4 Nxb4 19. Nxc7 Bxe5 20. dxe5 Qg5 21. f3 Rad8 22. Qe1 Qxe5 23. Bc4 Qd4+ 24. Kh1 Nd3 25. Nxe6 Qxc4 26. bxc4 Nxe1 27. Rfxe1 1-0

[Event "Late-Titled-Tuesday-Blitz-October-03-2023"]
[Site "Chess.com"]
[Date "2023.10.03"]
[Round "10"]
[White "rikchessmx"]
[Black "HajiyevKanan"]
[Result "0-1"]
[WhiteElo "2351"]
[BlackElo "2534"]
[TimeControl "180+1"]
[EndTime "15:48:16 PDT"]
[Termination "HajiyevKanan won by resignation"]

1. e4 c6 2. d4 d5 3. Nc3 a6 4. a3 dxe4 5. Nxe4 Bf5 6. Ng3 Bg6 7. Nf3 Nd7 8. Bd3 Ngf6 9. O-O e6 10. Re1 Bd6 11. Qe2 O-O 12. Ne4 Nxe4 13. Bxe4 Qc7 14. Bxg6 hxg6 15. b4 a5 16. Bd2 Nf6 17. c4 a4 18. Bc3 b5 19. c5 Bf4 20. g3 Nd5 21. Bd2 Bxd2 22. Qxd2 Qe7 23. Ne5 Rac8 24. h4 Rfd8 25.
Qb2 Qf6 26. f4 Qf5 27. Qb1 Qh3 28. Kf2 Nxf4 29. gxf4 Rxd4 30. Nf3 Rxf4 31. Re4 Qxf3+ 32. Ke1 Rxe4+ 0-1

[Event "Late-Titled-Tuesday-Blitz-October-03-2023"]
[Site "Chess.com"]
[Date "2023.10.03"]
[Round "10"]
[White "azikom"]
[Black "lemures27"]
[Result "1-0"]
[WhiteElo "2603"]
[BlackElo "2474"]
[TimeControl "180+1"]
[EndTime "15:48:19 PDT"]
[Termination "azikom won by resignation"]

1. d4 d5 2. Nf3 c6 3. Bf4 Nf6 4. e3 Bg4 5. Nbd2 Nbd7 6. h3 Bh5 7. c4 e6 8. Be2 Be7 9. O-O O-O 10. a3 Re8 11. b4 a6 12. Bh2 Bf8 13. Rc1 a5 14. c5 Bxf3 15. Nxf3 axb4 16. axb4 Ne4 17. Bd3 f5 18. b5 Qa5 19. Qb3 Qa2 20. Rb1 e5 21.
Qxa2 Rxa2 22. bxc6 bxc6 23. Nxe5 Nxe5 24. Bxe4 dxe4 25.
Bxe5 Bxc5 26. Rfc1 1-0

[Event "Late-Titled-Tuesday-Blitz-October-03-2023"]
[Site "Chess.com"]
[Date "2023.10.03"]
[Round "10"]
[White "GMBenjaminBok"]
[Black "ContrVersia"]
[Result "0-1"]
[WhiteElo "2981"]
[BlackElo "2900"]
[TimeControl "180+1"]
[EndTime "15:48:35 PDT"]
[Termination "ContrVersia won by resignation"]

1. d4 Nf6 2. c4 c6 3. Nf3 d5 4. cxd5 cxd5 5. Nc3 Nc6 6. Bf4 Bf5 7. e3 a6 8. Rc1 e6 9. Qb3 Bd6 10. Bxd6 Qxd6 11. Qxb7 O-O 12. Na4 Nb4 13. a3 Nc2+ 14. Rxc2 Bxc2 15. Qb6 Qxb6 16. Nxb6 Rab8 17. Kd2 Bb3 18. Bxa6 Ne4+ 19. Ke2 Rxb6 20. Bd3 Bc4 21. b4 Bxd3+ 22. Kxd3 Nxf2+ 0-1

[Event "Late-Titled-Tuesday-Blitz-October-03-2023"]
[Site "Chess.com"]
[Date "2023.10.03"]
[Round "10"]
[White "elmusmolamas"]
[Black "Inepton_Fermion"]
[Result "1-0"]
[WhiteElo "2529"]
[BlackElo "2411"]
[TimeControl "180+1"]
[EndTime "15:48:36 PDT"]
[Termination "elmusmolamas won by resignation"]

1. e4 c5 2. Nc3 Nc6 3. Nge2 e6 4. d4 cxd4 5. Nxd4 Qc7 6. g3 a6 7. Bg2 Nge7 8. O-O Nxd4 9. Qxd4 Nc6 10. Qd1 Ne5 11.
Bf4 b5 12. Re1 Bb7 13. Nd5 exd5 14. Bxe5 d6 15. Bd4 dxe4 16. Bxe4 O-O-O 17. Bxb7+ Qxb7 18. Bxg7 Bxg7 19. Qg4+ Kb8 20. Qxg7 h5 21. h4 Rc8 22. c3 Rhg8 23. Qf6 1-0

[Event "Late-Titled-Tuesday-Blitz-October-03-2023"]
[Site "Chess.com"]
[Date "2023.10.03"]
[Round "10"]
[White "OYAcosta"]
[Black "Eloist"]
[Result "0-1"]
[WhiteElo "2186"]
[BlackElo "2423"]
[TimeControl "180+1"]
[EndTime "15:48:46 PDT"]
[Termination "Eloist won by resignation"]

1. d4 e6 2. Bf4 Nf6 3. e3 d5 4. Nf3 c5 5. c3 Nc6 6. Nbd2 Bd6 7.
Bg3 O-O 8. Bd3 b6 9. Ne5 Qc7 10. f4 Ne7 11. Qb1 Nf5 12. Bf2 Be7 13. g4 Nd6 14. g5 Nfe4 15. Nxe4 Nxe4 16. Rg1 Bb7 17.
h4 Kh8 18. Qd1 f6 19. Nf3 cxd4 20. exd4 Qxf4 21. g6 e5 22. Qe2 Nxf2 23. gxh7 Nxd3+ 24. Qxd3 e4 25. Qb5 Qe3+ 26. Kd1 Qxf3+ 27. Kc2 Qd3+ 28. Qxd3 exd3+ 29. Kd2 Ba6 30. Rae1 Rae8 31. h5 Bd6 32. Ref1 Re2+ 33. Kd1 Rxb2 34. h6 g5 35. Rf5 Rb1+ 0-1

[Event "Late-Titled-Tuesday-Blitz-October-03-2023"]
[Site "Chess.com"]
[Date "2023.10.03"]
[Round "10"]
[White "Likvidator228"]
[Black "Schwindle"]
[Result "1/2-1/2"]
[WhiteElo "2537"]
[BlackElo "2417"]
[TimeControl "180+1"]
[EndTime "15:48:47 PDT"]
[Termination "Game drawn by repetition"]

1. d4 Nf6 2. c4 e6 3. Nc3 Bb4 4. e3 b6 5. Ne2 Ba6 6. a3 Bxc3+ 7.
Nxc3 d5 8. cxd5 Bxf1 9. Kxf1 exd5 10. g3 O-O 11. Kg2 Re8 12. b4 Nc6 13. Qf3 Ne4 14.
Nxe4 Rxe4 15. Bd2 Qd7 16. b5 Ne7 17. a4 Re8 18. Rac1 c6 19. bxc6 Nxc6 20. Rc2 R4e6 21. Rhc1 Rf6 22. Qd1 h5 23. h4 Qf5 24. Be1 Na5 25.
Rc7 Nc4 26. Qc2 Qf3+ 27. Kh2 g6 28. Qd1 Qf5 29. Qc2 Qf3 30. Qd1 Qf5 31. Qc2 Qf3 1/2-1/2

[Event "Late-Titled-Tuesday-Blitz-October-03-2023"]
[Site "Chess.com"]
[Date "2023.10.03"]
[Round "10"]
[White "Aswathchess"]
[Black "Veiso"]
[Result "1-0"]
[WhiteElo "2611"]
[BlackElo "2476"]
[TimeControl "180+1"]
[EndTime "15:48:51 PDT"]
[Termination "Aswathchess won by resignation"]

1. d4 d5 2. c4 e6 3. g3 Nf6 4.
Bg2 Be7 5. Nf3 O-O 6. O-O dxc4 7. Qc2 a6 8. a4 Bd7 9. Qxc4 Bc6 10. Bg5 Nbd7 11. Nc3 h6 12. Bxf6 Nxf6 13. a5 Nd5 14.
Ne5 Nxc3 15. bxc3 Bxg2 16. Kxg2 Qd5+ 17. Qxd5 exd5 18. Rfb1 Ra7 19. Rb3 Bd6 20. Nd3 Re8 21. e3 c6 22. Ra4 Kf8 23. Kf3 Ke7 24. c4 dxc4 25. Rxc4 Kd7 26. Nb2 Kc7 27. Rc2 f5 28. Nc4 h5 29. d5 Raa8 30. Rxb7+ Kxb7 31. Nxd6+ Kc7 32. Rxc6+ Kd7 33. Nxe8 Rxe8 34. Rxa6 Re5 35. Ra7+ Kd6 36. Rxg7 Rxd5 37. a6 1-0